 Dungeon Crawl Stone Soup version 0.24-a0-341-g52ca42d3ec (webtiles) character file.

Game seed: 5715508431565413251

46 mhoghedin the Grave Robber (level 3, -5/24 HPs)
             Began as a Mummy Necromancer on May 20, 2019.
             Engulfed by a cloud of steam (8 damage)
             ... on level 2 of the Dungeon.
             The game lasted 00:01:50 (1179 turns).

mhoghedin the Grave Robber (Mummy Necromancer)      Turns: 1179, Time: 00:01:51

Health: -5/24      AC:  2    Str: 11    XL:     3   Next: 46%
Magic:  0/8        EV: 12    Int: 15    God:
Gold:   115        SH:  0    Dex: 12    Spells: 7/9 levels left

rFire    x . .     SeeInvis .   b - +0 club
rCold    + . .     Gourm    .   (no shield)
rNeg     + + +     Faith    .   a - +0 robe
rPois    ∞         Spirit   +   (no helmet)
rElec    .         Reflect  .   (no cloak)
rCorr    .         Harm     .   (no gloves)
MR       .....                  (no boots)
Stlth    ++........             f - amulet of guardian spirit {Spirit}
HPRegen  0.08/turn              (no ring)
MPRegen  0.11/turn              (no ring)

@: about to teleport
A: no food or potions, fire vulnerability, cold resistance 1, negative energy
resistance 3, torment resistance, unbreathing
a: no special abilities


You were on level 2 of the Dungeon.
You were not hungry.

You visited 1 branch of the dungeon, and saw 2 of its levels.

You collected 115 gold pieces.

Inventory:

Hand Weapons
 b - a +0 club (weapon)
   (You took it off a hobgoblin on level 1 of the Dungeon)
Armour
 a - a +0 robe (worn)
Jewellery
 f - an amulet of guardian spirit (around neck) {Spirit}
   (You found it on level 2 of the Dungeon)
Scrolls
 c - a scroll of enchant weapon {unknown}
 d - a scroll of amnesia {unknown}
 e - a scroll of teleportation
 g - a scroll of remove curse {unknown}


   Skills:
 - Level 1.5 Dodging
 - Level 1.5 Stealth
 - Level 3.5 Spellcasting
 + Level 4.9 Necromancy


You had 7 spell levels left.
You knew the following spells:

 Your Spells              Type           Power        Failure   Level  Hunger
a - Pain                  Necr           ###.         2%          1    N/A
A - Animate Skeleton      Necr           N/A          2%          1    N/A

Your spell library contained the following spells:

 Spells                   Type           Power        Failure   Level  Hunger
 Vampiric Draining        Necr           ###.......   8%          3    N/A
 Animate Dead             Necr           N/A          26%         4    N/A
 Regeneration             Chrm/Necr      Unusable     N/A         3    N/A

Dungeon Overview and Level Annotations

Branches:
Dungeon (2/15)

Altars:

Annotations:
D:2 Terence


Innate Abilities, Weirdness & Mutations

You do not eat or drink.
Your flesh is vulnerable to fire.
You are immune to poison.
Your flesh is cold resistant. (rC+)
You are immune to negative energy. (rN+++)
You are immune to unholy pain and torment.
You can survive without breathing.


Message History

You now have 6/8 mp.
Aim: a goblin, wielding a -3 club (severely wounded, chance to defeat MR: 87%)
The goblin writhes in agony.
You kill the goblin!
You now have 5/8 mp.
You can't see any susceptible monsters within range! (Use Z to cast anyway.)
You now have 99 gold pieces (gained 10).
You see here a pink potion.
A hobgoblin comes into view.
The hobgoblin shouts!
A hobgoblin is nearby!
A hobgoblin is nearby!
Aim: a hobgoblin (chance to defeat MR: 87%)
The hobgoblin writhes in agony.
You kill the hobgoblin!
You now have 5/8 mp.
You can't see any susceptible monsters within range! (Use Z to cast anyway.)
You can't see any susceptible monsters within range! (Use Z to cast anyway.)
You see here 7 arrows.
You see here a hobgoblin corpse.
g - a scroll labeled FIASTE LEAJUA You regained 2 mp, and now have 7/8 mp.
You see here a ration.
A worm comes into view.
MP restored: 8
Aim: a worm (chance to defeat MR: 81%)
The worm writhes in agony!
You now have 7/8 mp.
Aim: a worm (moderately wounded, chance to defeat MR: 81%)
The worm writhes in agony.
The worm closely misses you.
You now have 6/8 mp.
Aim: a worm (heavily wounded, chance to defeat MR: 81%)
The worm writhes in agony!
The worm bites you!
You take 6 damage, and have 18/24 hp.
MASSIVE DAMAGE!!
You now have 4/8 mp.
Aim: a worm (almost dead, chance to defeat MR: 81%)
The worm barely resists.
You now have 3/8 mp.
Aim: a worm (almost dead, chance to defeat MR: 81%)
The worm writhes in agony!
You kill the worm!
You now have 2/8 mp.
You can't see any susceptible monsters within range! (Use Z to cast anyway.)
You start resting.
Health restored: 24; MP restored: 8 You see here a worm corpse.
A kobold comes into view.
A kobold is nearby!
A kobold is nearby!
The kobold shouts!
You hear an angry hiss.
A frilled lizard comes into view.
Aim: a kobold (chance to defeat MR: 87%)
The kobold writhes in agony.
You now have 7/8 mp.
Aim: a kobold (moderately wounded, chance to defeat MR: 87%)
The kobold writhes in agony.
You kill the kobold!
You now have 6/8 mp.
Aim: a frilled lizard (chance to defeat MR: 87%)
The frilled lizard writhes in agony.
You kill the frilled lizard!
You now have 5/8 mp.
You can't see any susceptible monsters within range! (Use Z to cast anyway.)
You can't see any susceptible monsters within range! (Use Z to cast anyway.)
A dart slug comes into view.
A dart slug is nearby!
You can't see any susceptible monsters within range! (Use Z to cast anyway.)
You can't see any susceptible monsters within range! (Use Z to cast anyway.)
Aim: a dart slug (hasn't noticed you, chance to defeat MR: 87%)
The dart slug writhes in agony!
You now have 4/8 mp.
Aim: a dart slug (severely wounded, chance to defeat MR: 87%)
The dart slug writhes in agony.
You kill the dart slug!
You now have 3/8 mp.
You can't see any susceptible monsters within range! (Use Z to cast anyway.)
You now have 115 gold pieces (gained 16).
You see here a kobold corpse.
Terence the Incautious comes into view.
He is wielding a +0 flail.
You can't see any susceptible monsters within range! (Use Z to cast anyway.)
You can't see any susceptible monsters within range! (Use Z to cast anyway.)
You see here a kobold corpse.
Aim: Terence, wielding a +0 flail and wearing a +0 ring mail (chance to defeat MR: 82%) Terence writhes in agony!
You are engulfed in a cloud of scalding steam.
Ouch! That really hurt!
You take 13 damage, and have 11/24 hp.
MASSIVE DAMAGE!!
You now have 1/8 mp.
Okay, then.
You are engulfed in a cloud of scalding steam.
* * * LOW HITPOINT WARNING * * *
You take 8 damage, and have 3/24 hp.
MASSIVE DAMAGE!!
As you read the scroll labeled DEQAGG ILLI, it crumbles to dust.
You feel strangely unstable.
It was a scroll of teleportation.
You are engulfed in a cloud of scalding steam.
You die...

########### .# #.........##
...######...##.#...#
......§§§§§§.......#
......§@§§..≈......#
.....@§§§§..≈......#
......§§§§§§≈.....##
......§§§§§≈≈≈....#
.....§..≈≈≈≈≈≈....#
......≈≈≈≈≈≈≈≈≈...######
........≈≈≈≈≈≈≈≈§≈......†.#
#.......≈≈≈≈≈≈≈≈≈≈≈≈≈..###.#
#.........≈≈≈≈≈≈≈≈≈≈...# #.#


You could see Terence.

Vanquished Creatures
  An adder (D:2)
  A worm (D:2)
  2 dart slugs
  4 bats
  4 giant cockroaches
  2 goblins
  4 hobgoblins
  4 frilled lizards
  4 kobolds
  6 rats (D:1)
32 creatures vanquished.

Notes
Turn   | Place    | Note
-------+----------+-------------------------------------------
     0 | D:1      | mhoghedin the Mummy Necromancer began the quest for the
                  | Orb.
     0 | D:1      | Reached XP level 1. HP: 13/13 MP: 4/4
   145 | D:1      | Reached skill level 3 in Spellcasting
   211 | D:1      | Reached XP level 2. HP: 15/19 MP: 1/6
   351 | D:1      | Learned a level 1 spell: Animate Skeleton
   946 | D:2      | Reached XP level 3. HP: 24/24 MP: 4/8
  1170 | D:2      | Noticed Terence
  1178 | D:2      | HP: 2/24 [something (9)]
  1179 | D:2      | Engulfed by a cloud of steam

Levels and vault maps discovered:
D:1:      dpeg_arrival_leaves_temple_mockup, layout_loops_ring
D:2:      layout_basic, first_ration, lemuel_old_faithful, uniq_terence

Skill      XL: |  1 |
---------------+----+-----
Spellcasting   | 3 |  3.5
Dodging        | |  1.5
Stealth        | |  1.5
Necromancy     | |  4.9

Action                   || total
-------------------------++-------
Melee: Club              ||     2
       Unarmed           ||     1
 Cast: Pain              ||    61
       Animate Skeleton  ||     1
  Use: Scroll            ||     1
Armor: Robe              ||     3
Dodge: Dodged            ||     4

Table legend:
 A = Non-vault XP
 B = Vault XP
 C = Vault XP percentage of total XP
 D = Non-vault monster count
 E = Vault monster count
 F = Vault count percentage of total count
                 A         B        C        D         E       F
            +---------+---------+-------+---------+---------+-------
      Total |      67 |       0 |   0.0 |      32 |       0 |   0.0
            +---------+---------+-------+---------+---------+-------
        D:1 |      34 |       0 |   0.0 |      23 |       0 |   0.0
        D:2 |      33 |       0 |   0.0 |       9 |       0 |   0.0
            +---------+---------+-------+---------+---------+-------

Levels and vault maps discovered:
D:1:      dpeg_arrival_leaves_temple_mockup, layout_loops_ring
D:2:      layout_basic, first_ration, lemuel_old_faithful, uniq_terence

Table legend:
 A = Turns spent in this place as a percentage of turns spent in the entire game.
 B = Non-inter-level travel turns spent in this place as a percentage of non-inter-level travel turns spent in the entire game.
 C = Inter-level travel turns spent in this place as a percentage of turns spent in this place.
 D = Turns resting spent in this place as a percentage of non-inter-level travel turns spent in this place.
 E = Turns spent auto-exploring this place as a percentage of non-inter-level travel turns spent in this place.
 F = Non-inter-level travel turns spent in this place divided by the number of levels of this place that you've seen.
                   A       B       C       D       E      F
               +-------+-------+-------+-------+-------+----------------------
         Total | 100.0 | 100.0 |   1.6 |  31.9 |  56.1 | 580.0
       Dungeon | 100.0 | 100.0 |   1.6 |  31.9 |  56.1 | 580.0
               +-------+-------+-------+-------+-------+----------------------

Table legend:
 A = Kills in this place as a percentage of kills in entire the game.
 B = Kills by you in this place as a percentage of kills by you in the entire game.
 C = Kills by friends in this place as a percentage of kills by friends in the entire game.
 D = Other kills in this place as a percentage of other kills in the entire game.
 E = Experience gained in this place as a percentage of experience gained in the entire game.
 F = Experience gained in this place divided by the number of levels of this place that you have seen.
                   A       B       C       D       E      F
               +-------+-------+-------+-------+-------+----------------------
         Total | 100.0 | 100.0 |   N/A |   N/A | 100.0 |  33.5
       Dungeon | 100.0 | 100.0 |   N/A |   N/A | 100.0 |  33.5
               +-------+-------+-------+-------+-------+----------------------
